 Dungeon Crawl Stone Soup version 0.30-a0-591-g3c58d2bc28 (webtiles) character file.

Game seed: 16156618297351342139

402 Citaku the Covered (level 6, -3/54 (55) HPs)
             Began as a Minotaur Fighter on Jan 6, 2023.
             Slain by a necrophage (5 damage)
             ... on level 4 of the Dungeon.
             The game lasted 00:04:31 (2819 turns).

Citaku the Covered (Minotaur Fighter)               Turns: 2819, Time: 00:04:31

HP:   -3/54 (55)    AC:  7    Str: 21    XL:     6   Next: 55%
MP:   5/5           EV:  9    Int:  5    God:
Gold: 177           SH:  5    Dex: 11    Spells: 5/5 levels left

rFire   . . .      SeeInvis .    a - +0 war axe
rCold   . . .      Faith    .    c - +0 buckler
rNeg    . . .      Spirit   .    b - +0 scale mail
rPois   .          Reflect  .    (helmet restricted)
rElec   .          Harm     .    (no cloak)
rCorr   .          Rampage  .    (no gloves)
Will    .....                    (no boots) Stlth
                                 g - amulet of regeneration
HPRegen 1.09/turn                (no ring)
MPRegen 0.09/turn                (no ring)

@: lightly drained
A: horns 2, retaliatory headbutt
a: no special abilities


You were on level 4 of the Dungeon.
You visited 1 branch of the dungeon, and saw 4 of its levels.

You collected 177 gold pieces.

Inventory:

Hand Weapons
 a - a +0 war axe (weapon)
Armour
 b - a +0 scale mail (worn)
 c - a +0 buckler (worn)
Jewellery
 g - an amulet of regeneration (around neck)
 m - a ring of flight
 t - an amulet of reflection
 u - an amulet of guardian spirit
Scrolls
 e - 4 scrolls of teleportation {unknown}
 f - 2 scrolls of blinking {unknown}
 h - 2 scrolls of magic mapping {unknown}
 i - a scroll of brand weapon {unknown}
 j - 8 scrolls of identify {unknown}
 l - 2 scrolls of amnesia {unknown}
 o - a scroll of noise {unknown}
 q - a scroll of poison {unknown}
Potions
 d - 4 potions of might
 k - a potion of cancellation {unknown}
 n - a potion of invisibility {unknown}
 p - a potion of mutation {unknown}
 r - a potion of brilliance {unknown}
 s - a potion of curing {unknown}


   Skills:
 + Level 4.8 Fighting
 * Level 5.3 Axes
 * Level 6.0 Armour
 + Level 4.8 Shields


You had 5 spell levels left.
You didn't know any spells.
Your spell library contained the following spells:

 Spells                   Type           Power      Damage    Failure   Level
 Apportation              Tloc           0%         N/A       87%         1
 Freeze                   Ice            0%         1d3       87%         1
 Summon Small Mammal      Summ           0%         N/A       87%         1
 Call Canine Familiar     Summ           0%         N/A       99%         3
 Frozen Ramparts          Ice            0%         1d1       99%         3
 Hailstorm                Conj/Ice       0%         3d3       99%         3
 Summon Guardian Golem    Hex/Summ       0%         N/A       99%         3
 Animate Dead             Necr           0%         N/A       100%        4
 Borgnjor's Vile Clutch   Necr/Erth      0%         N/A       100%        5
 Death Channel            Necr           0%         N/A       100%        6


Dungeon Overview and Level Annotations

Branches:
Dungeon (4/15)
 Temple: D:4-7

Altars:
Cheibriados
Elyvilon
Uskayaw
Xom
Yredelemnul


Innate Abilities, Weirdness & Mutations

You have a pair of horns on your head.
You reflexively headbutt those who attack you in melee.


Message History

The gnoll hits you but does no damage.
Things that are here:
a +0 whip; a gnoll corpse You slash the necrophage!
You headbutt the necrophage.
The necrophage is moderately damaged.
You closely miss the gnoll. The gnoll hits you with a +0 spear!
The necrophage barely misses you. The gnoll barely misses you.
The gnoll hits you with a +0 spear. The necrophage barely misses you.
You slash the necrophage!
The necrophage is severely damaged.
You hit the gnoll but do no damage. The gnoll barely misses you.
The necrophage hits you.
You feel drained. The gnoll closely misses you.
The gnoll hits you with a +0 spear! The necrophage hits you.
You slash the gnoll!
The gnoll is severely wounded.
You slash the gnoll! You barely miss the necrophage.
The gnoll barely misses you. You furiously retaliate!
You headbutt the gnoll. The gnoll hits you with a +0 spear.
The necrophage hits you.
You closely miss the gnoll. Your headbutt misses the gnoll.
The gnoll is severely wounded.
You slash the necrophage! You hit the gnoll.
The gnoll hits you with a +0 halberd. You block the gnoll's attack.
The necrophage misses you.
You hit the gnoll.
The gnoll is almost dead.
You hit the necrophage but do no damage.
You barely miss the gnoll. The gnoll hits you but does no damage.
The gnoll hits you with a +0 spear.
The necrophage hits you but does no damage.
The gnoll hits you with a +0 halberd!
* * * LOW HITPOINT WARNING * * *
The gnoll barely misses you. The necrophage barely misses you.
You hit the gnoll.
You kill the gnoll!
You barely miss the gnoll. You barely miss the necrophage.
The gnoll hits you with a +0 spear!
* * * LOW HITPOINT WARNING * * *
The necrophage hits you.
You die...

#... ##.# ## # # #.# . .##
##.####.# .######..## .........
########. ....##..## # ........#
.....#..###.#......#[###.[......#
.....#.........gn...........>....
###..#..###.###)@).# .......#.
...#..##...#...#....# .......##
...#...#...#...#....# .......##
..###..#...#..###...# ###.#.#..
.#...#..###..#...#..# #..##...
.#...#†..#...#...#...# #..###..
##...#...#..##...#...#####..# #..
).###.###..#..###.###..†....# #..
...........#..........####..# ###


You could see a necrophage and a gnoll.

Vanquished Creatures
  A phantom (D:4)
  A necrophage (D:3)
  A scorpion (D:4)
  A hound (D:4)
  An iguana (D:4)
  2 gnolls (D:4)
  6 adders
  4 worms
  2 dart slugs
  An orc (D:3)
  7 ball pythons
  3 bats
  An endoplasm (D:4)
  A giant cockroach (D:4)
  8 hobgoblins
  9 jackals
  2 kobolds
  5 quokkas
  3 frilled lizards
  8 goblins
  3 rats
70 creatures vanquished.

Notes
Turn   | Place    | Note
-------+----------+-------------------------------------------
     0 | D:1      | Citaku the Minotaur Fighter began the quest for the Orb.
     0 | D:1      | Reached XP level 1. HP: 19/19 MP: 0/0
   277 | D:1      | Reached XP level 2. HP: 27/27 MP: 1/1
   474 | D:1      | Reached skill level 4 in Armour
   905 | D:2      | Found a faded altar of an unknown god.
   921 | D:2      | Got Plato's Elucidation of Transportation
  1008 | D:2      | Reached XP level 3. HP: 33/33 MP: 2/2
  1554 | D:3      | Reached XP level 4. HP: 40/40 MP: 3/3
  1676 | D:3      | Noticed a necrophage
  1685 | D:3      | Killed a necrophage
  1686 | D:3      | Reached skill level 5 in Armour
  1686 | D:3      | Reached XP level 5. HP: 43/46 MP: 4/4
  1732 | D:3      | Found a shimmering altar of Xom.
  1770 | D:3      | Found a hide-covered altar of Uskayaw.
  2033 | D:3      | Found a basalt altar of Yredelemnul.
  2088 | D:3      | Found a white marble altar of Elyvilon.
  2379 | D:4      | Found a snail-covered altar of Cheibriados.
  2486 | D:4      | Noticed a phantom
  2499 | D:4      | Reached XP level 6. HP: 30/53 MP: 5/5
  2507 | D:4      | Reached skill level 5 in Axes
  2760 | D:4      | Reached skill level 6 in Armour
  2819 | D:4      | HP: 2/54 [gnoll/+0 spear (7)]
  2819 | D:4      | Slain by a necrophage

Illustrated notes

Levels and vault maps discovered:
D:1:      reono_arrival_forest_river, layout_basic
D:2:      layout_basic, shapermc_ecumenical_altar_rom_forum, minivault_27
D:3:      layout_loops_cross, kennysheep_ying_yang, nicolae_uskayaw_dance_hall,
          lemuel_tele_altar
D:4:      layout_loops_ring, cheibrodos_worm_habitat, nicolae_titane

Skill      XL: |  1  2  3  4  5  6 |
---------------+-------------------+-----
Armour         | 4 5 6 |  6.0
Axes           | 3 4 5 |  5.3
Fighting       | 4 |  4.8
Shields        | 4 |  4.8

Action                   |  1- 3 |  4- 6 || total
-------------------------+-------+-------++-------
Melee: War axe           |    69 |   102 ||   171
       Headbutt          |     8 |    15 ||    23
  Use: Potion            |       |     1 ||     1
Armor: Scale mail        |    44 |    43 ||    87
Dodge: Dodged            |    56 |    54 ||   110
Block: Buckler           |    24 |    21 ||    45

Table legend: (Time is in decaauts)
 A = Elapsed time spent in this place.
 B = Non-inter-level travel time spent in this place.
 C = Inter-level travel time spent in this place.
 D = Time resting spent in this place.
 E = Time spent auto-exploring this place.
 F = Levels seen in this place.
 G = Mean time per level.
                   A        B        C        D        E       F      G
               +--------+--------+--------+--------+--------+-----+--------+
         Total |   2899 |   2899 |      0 |      0 |   2080 |   4 |  724.8 |
       Dungeon |   2899 |   2899 |      0 |      0 |   2080 |   4 |  724.8 |
               +--------+--------+--------+--------+--------+-----+--------+

Top non-repeatable levels by time:
     D:1: 908 daAuts
     D:3: 689 daAuts
     D:2: 666 daAuts
     D:4: 635 daAuts
